Map: Lightshade LE

Players

NastyChuck

  • Race: Terran Terran
  • League: Gold
  • Spawn Location: 11:00

Acerth - Winner!

  • Race: Zerg Zerg
  • League: Gold
  • Spawn Location: 5:00

VOD

Have the link to the VOD?

Description

Time

  • Played on: Oct. 27, 2020, 6:59 p.m.
  • Length: 12:02
Show
View Real Time Build Order
Export as new Build Order

NastyChuck Terran 

Build Orders:  

Get SALT Encoding   

  12  0:00  SCV  
  13  0:12  SCV  
  14  0:19  Supply Depot  
  14  0:24  SCV  
  15  0:41  SCV  
  16  0:43  Barracks  
  16  0:51  Supply Depot  
  16  0:53  SCV  
  17  0:58  Refinery  
  17  1:05  SCV  
  18  1:17  SCV  
  19  1:24  Refinery  
  19  1:29  Orbital Command  
  19  1:33  Marine  
  20  1:51  Marine  
  21  1:58  Factory  
  22  2:01  SCV  
  22  2:09  Marine  
  22  2:13  SCV  
  24  2:25  SCV  
  24  2:29  Command Center  
  25  2:37  SCV  
  26  2:45  Engineering Bay  
  26  2:48  Starport  
  27  2:51  SCV  
  27  2:55  Marine  
  27  2:58  Factory Tech Lab  
  28  3:03  SCV  
  29  3:29  Fusion Core  
  29  4:13  Planetary Fortress  
  29  4:25  Refinery  
  29  4:27  Battlecruiser  
  35  4:49  Refinery  
  35  4:50  SCV  
  36  4:54  Missile Turret  
  36  5:02  SCV  
  36  5:06  Missile Turret  
  37  5:12  Starport, Factory Tech Lab  
  37  5:13  Weapon Refit  
  37  5:25  SCV  
  38  5:29  Missile Turret  
  38  5:30  Missile Turret  
  38  5:38  SCV  
  39  5:50  SCV  
  40  6:02  SCV  
  41  6:12  Supply Depot  
  41  6:14  SCV  
  42  6:18  Command Center  
  42  6:26  SCV  
  43  6:38  SCV  
  50  6:55  Armory  
  44  7:30  Armory  
  44  7:47  SCV  
  44  8:00  SCV  
  44  8:03  Orbital Command  
  45  8:10  Factory  
  45  8:13  Terran Vehicle And Ship Armor Level 1  
  45  8:22  Terran Vehicle Weapons Level 1  
  45  8:28  Thor  
  51  8:43  Command Center  
  51  8:52  Starport Tech Lab  
  51  8:55  Thor  
  57  9:15  Thor  
  63  9:30  Factory  
  63  10:15  Thor x2  
  63  10:16  Thor  
  81  10:36  Hi-Sec Auto Tracking  
  81  10:48  Supply Depot  
  81  10:59  Planetary Fortress  
  81  11:10  Supply Depot  
  87  11:13  Hellion x2  
  91  11:32  Supply Depot  
  88  11:34  Hellion  
Show
View Real Time Build Order
Export as new Build Order

Acerth Zerg - Winner!

Build Orders: Pool First 

Get SALT Encoding   

  12  0:00  Drone  
  13  0:13  Overlord  
  13  0:17  Drone  
  14  0:31  Drone x2  
  14  0:35  Drone  
  17  0:46  Spawning Pool  
  17  0:49  Drone  
  17  0:53  Extractor  
  17  0:57  Drone  
  17  1:09  Drone  
  17  1:11  Unknown  
  18  1:22  Hatchery  
  18  1:23  Drone  
  18  1:33  Zergling x2  
  18  1:37  Queen  
  21  1:41  Drone  
  22  1:51  Overlord  
  22  2:00  Overlord  
  22  2:11  Overlord  
  22  2:15  Lair  
  22  2:22  Overlord  
  22  2:42  Drone  
  22  2:43  Drone  
  24  2:47  Baneling Nest  
  24  2:49  Drone x2  
  25  2:54  Spore Crawler  
  25  2:55  Spore Crawler, Drone  
  24  3:00  Drone, Spore Crawler  
  24  3:07  Spore Crawler  
  23  3:28  Extractor  
  23  3:31  Overseer  
  23  3:32  Overseer  
  22  3:39  Drone x4  
  22  3:40  Drone x3  
  29  3:42  Drone  
  29  3:44  Drone  
  31  4:01  Drone x3  
  31  4:02  Drone  
  34  4:24  Queen  
  36  4:52  Zergling x6, Drone x2  
  41  4:53  Zergling x8  
  45  5:01  Drone  
  45  5:04  Spire  
  45  5:11  Zergling x4  
  45  5:12  Infestation Pit  
  46  5:14  Drone  
  46  5:15  Overseer  
  47  5:41  Drone x2  
  47  5:42  Drone x2  
  51  5:43  Drone  
  51  5:44  Drone x2  
  51  5:46  Extractor  
  44  6:12  Hive  
  44  6:19  Corruptor x2  
  44  6:20  Corruptor x2  
  52  6:26  Queen  
  50  6:41  Drone x2  
  50  6:42  Drone  
  50  6:43  Zergling x14  
  60  7:24  Greater Spire  
  60  7:28  Overlord x6  
  60  7:29  Overlord x5  
  60  7:39  Spore Crawler x2  
  60  7:43  Spore Crawler x2  
  56  7:45  Drone x4  
  53  8:11  Spire  
  53  8:12  Spore Crawler  
  51  8:22  Corruptor x3  
  51  8:24  Zergling x6  
  60  8:42  Extractor  
  60  8:45  Brood Lord x2  
  60  8:46  Brood Lord  
  65  8:56  Zergling x14  
  65  8:58  Baneling  
  65  9:00  Baneling x4  
  72  9:11  Overseer  
  72  9:12  Overseer  
  72  9:16  Brood Lord  
  74  9:21  Extractor  
  73  9:24  Hatchery  
  73  9:29  Zerg Flyer Weapons Level 1  
  72  9:32  Baneling x3  
  72  9:33  Baneling  
  72  9:43  Queen  
  74  9:51  Corruptor  
  76  9:55  Corruptor  
  76  10:01  Corruptor  
  76  10:10  Corruptor  
  78  10:19  Drone x2  
  78  10:20  Mutalisk, Drone  
  83  10:34  Corruptor  
  83  10:35  Zergling x6  
  86  10:36  Zergling x12  
  94  10:51  Drone  
  94  10:52  Corruptor x2, Drone x3  
  102  11:18  Baneling x2  
  102  11:19  Baneling x8  
  102  11:20  Baneling x7  
  102  11:22  Zergling x4  
  102  11:23  Zergling x14  
Tags
 
League
GoldGold
Matchup
TvZ
Opening
Pool First
Spawn Locations
Cross Positions
Add a new tag
Caveats
  • Supply blocks, unpowered buildings, or Contaminate may cause inaccurate times.
  • Supply counts are checked every 10 seconds.